 Dungeon Crawl Stone Soup version 0.29-a0-330-g52719c12eb (webtiles) character file.

Game seed: 6007003282651762409

36 Aelig the Insei (level 3, 0/25 HPs)
             Began as a Vampire Transmuter on May 21, 2022.
             Succumbed to a kobold's poison
             ... on level 2 of the Dungeon.
             The game lasted 00:01:50 (874 turns).

Aelig the Insei (Vampire Transmuter)                 Turns: 874, Time: 00:01:51

Health: 0/25       AC:  3    Str:  8 (9)  XL:     3   Next: 19%
Magic:  6/6        EV: 12    Int: 15 (17) God:
Gold:   96         SH:  0    Dex: 12 (14) Spells: 5/6 levels left

rFire   . . .      SeeInvis +     - Unarmed
rCold   . . .      Faith    .   (no shield)
rNeg    . . .      Spirit   .   a - +0 robe
rPois   .          Reflect  .   (no helmet)
rElec   .          Harm     .   (no cloak)
rCorr   .          Rampage  .   g - +0 pair of gloves
Will    .....                   (no boots)
Stlth   +.........              c - amulet of regeneration
HPRegen 1.08/turn               (no ring)
MPRegen 0.10/turn               (no ring)

@: lethally poisoned (0 -> -1), healing quickly
A: alive, fangs 3, see invisible, vampiric 2
a: Exsanguinate


You were on level 2 of the Dungeon.
You visited 1 branch of the dungeon, and saw 2 of its levels.

You collected 96 gold pieces.

Inventory:

Missiles
 d - 13 stones (quivered)
Armour
 a - a +0 robe (worn)
 g - a +0 pair of gloves (worn)
Jewellery
 c - an amulet of regeneration (around neck)
Scrolls
 e - a scroll of immolation {unknown}
Potions
 b - 2 potions of lignification


   Skills:
 - Level 0.8 Fighting
 - Level 2.1 Dodging
 + Level 4.1 Unarmed Combat
 - Level 2.0 Spellcasting
 + Level 3.2 Transmutations


You had 5 spell levels left.
You knew the following spells:

 Your Spells              Type           Power      Damage    Failure   Level
a - Beastly Appendage     Tmut           22%        N/A       6%          1

Your spell library contained the following spells:

 Spells                   Type           Power      Damage    Failure   Level
 Wereblood                Tmut           11%        N/A       9%          2
 Spider Form              Tmut/Pois      6%         N/A       34%         3
 Ice Form                 Ice/Tmut       6%         N/A       75%         4


Dungeon Overview and Level Annotations

Branches:
Dungeon (2/15)

Altars:


Innate Abilities, Weirdness & Mutations

Your natural rate of healing is accelerated.
You have razor-sharp teeth.
You have supernaturally acute eyesight. (SInv)
You are afflicted with vampirism and can become a bat while bloodless.


Message History

Your transformation is almost over.
The kobold hits you with a +2 dagger of venom.
You are poisoned.
You hit the kobold but do no damage.
You feel sick. The kobold hits you but does no damage.
You are more poisoned.
You hit the kobold.
The kobold is heavily wounded.
You feel very sick.
The kobold hits you with a +2 dagger of venom.
You are more poisoned.
You hit the kobold but do no damage. Your headbutt misses the kobold.
The kobold is heavily wounded.
You feel very sick.
The kobold hits you with a +2 dagger of venom.
You hit the kobold. You claw the kobold.
You kill the kobold!
You feel very sick.
There is a lethal amount of poison in your body!
It was a potion of degeneration.
There was something very wrong with that liquid.
You feel weakened.
You feel dopey.
You feel clumsy.
* * * LOW HITPOINT WARNING * * *
You feel very sick.
Magic restored.
Keep bloodletting?
* * * LOW HITPOINT WARNING * * *
You feel very sick.
You begin bloodletting.
You continue bloodletting.
* * * LOW HITPOINT WARNING * * *
You feel sick.
You continue bloodletting.
* * * LOW HITPOINT WARNING * * *
You feel sick.
You continue bloodletting.
* * * LOW HITPOINT WARNING * * *
You feel sick.
You continue bloodletting.
Your horns disappear.
Your talons disappear.
You die...

#######........#
.........<.#...#
#.######.##....... #.
#.##.......
####.######..........
.....................
#####...##..........
#.#.##....#>..#.
#@#.##.........
#)#............
#.#............
..#.##..#.#...
..........##.# ####.#
..


There were no monsters in sight!

Vanquished Creatures
  A dart slug (D:1)
  4 ball pythons (D:1)
  An endoplasm (D:1)
  A giant cockroach (D:1)
  2 goblins (D:1)
  3 hobgoblins (D:1)
  6 jackals (D:1)
  4 kobolds
  7 frilled lizards (D:1)
  2 rats (D:1)
31 creatures vanquished.

Notes
Turn   | Place    | Note
-------+----------+-------------------------------------------
     0 | D:1      | Aelig the Vampire Transmuter began the quest for the Orb.
     0 | D:1      | Reached XP level 1. HP: 14/14 MP: 3/3
    80 | D:1      | Reached XP level 2. HP: 16/20 MP: 3/5
   573 | D:1      | Reached skill level 4 in Unarmed Combat
   630 | D:1      | Gained mutation: You are afflicted with vampirism and can
                  | become a bat while bloodless. [Vampire growth]
   630 | D:1      | Reached XP level 3. HP: 25/25 MP: 4/6
   872 | D:2      | HP: 1/25 [poisoned by a kobold]
   874 | D:2      | Succumbed to a kobold's poison

Illustrated notes

Levels and vault maps discovered:
D:1:      minmay_arrival_five_plusses, layout_basic, st_stairs_1,
          minmay_lizard_pond
D:2:      layout_loops_ring, basic_ecumenical_altar, basic_altar,
          minmay_quadrilaterals

Skill      XL: |  1  2 |
---------------+-------+-----
Transmutations | 3 |  3.2
Unarmed Combat | 4 |  4.1
Fighting       | |  0.8
Dodging        | |  2.1
Spellcasting   | |  2.0

Action                   || total
-------------------------++-------
Melee: Unarmed           ||    94
       Kick              ||    11
       Headbutt          ||     7
       Bite              ||     4
       Punch             ||     1
 Cast: Beastly Appendage ||    13
 Abil: Exsanguinate      ||     1
  Use: Potion            ||     1
Armor: Robe              ||    15
Dodge: Dodged            ||    47

Table legend: (Time is in decaauts)
 A = Elapsed time spent in this place.
 B = Non-inter-level travel time spent in this place.
 C = Inter-level travel time spent in this place.
 D = Time resting spent in this place.
 E = Time spent auto-exploring this place.
 F = Levels seen in this place.
 G = Mean time per level.
                   A        B        C        D        E       F      G
               +--------+--------+--------+--------+--------+-----+--------+
         Total |    867 |    838 |     29 |      0 |    596 |   2 |  433.5 |
       Dungeon |    867 |    838 |     29 |      0 |    596 |   2 |  433.5 |
               +--------+--------+--------+--------+--------+-----+--------+

Top non-repeatable levels by time:
     D:1: 836 daAuts
     D:2: 31 daAuts
